 Dungeon Crawl Stone Soup version 0.30-b1-2-g02819fbbbe (webtiles) character file.

Game seed: 11122109136797497282

30001 raph the Marksminotaur (level 13, -1/114 HPs)
             Began as a Minotaur Hunter on May 9, 2023.
             Was a High Priest of Hepliaklqana.
             Slain by Amaemon
             ... wielding a +0 demon whip of venom
              (2 damage)
             ... on level 3 of the Lair of Beasts.
             The game lasted 00:23:08 (12944 turns).

raph the Marksminotaur (Minotaur Hunter)           Turns: 12944, Time: 00:23:09

Health: -1/114     AC: 14    Str: 16    XL:     13   Next: 18%
Magic:  17/17      EV: 22    Int:  9    God:    Hepliaklqana [*****.]
Gold:   492        SH:  0    Dex: 28    Spells: 11/12 levels left

rFire   . . .        b - +10 great mace of Ywuladd {drain, Int+4}
rCold   . . .        (shield currently unavailable)
rNeg    . . .        c - +0 leather armour
rPois   .            B - +1 hat
rElec   .            k - +1 cloak {Stlth+}
rCorr   .            y - +2 pair of gloves
SInv    .            A - +0 pair of boots
Will    .....        t - amulet of the acrobat
Stlth   +++          i - +4 ring of protection
HPRegen 0.39/turn    q - +6 ring of dexterity
MPRegen 0.15/turn

%: acrobat
@: lethally poisoned (-1 -> -20), about to teleport
A: reduced essence, horns 2, retaliatory headbutt, agile 1, subdued magic 1
a: Renounce Religion, Recall Ancestor, Ancestor Identity, Transference, Idealise


You were on level 3 of the Lair of Beasts.
You worshipped Hepliaklqana.
Hepliaklqana was extremely pleased with you.
You visited 2 branches of the dungeon, and saw 12 of its levels.
You also visited: Bailey.

You collected 1515 gold pieces.
You spent 1023 gold pieces at shops.

Inventory:

Hand Weapons
 a - a +7 arbalest
 b - the +10 great mace of Ywuladd (weapon) {drain, Int+4}
   (You found it on level 9 of the Dungeon)

   Int:       It affects your intelligence (+4).
 o - a +4 battleaxe
 w - the +3 dagger of the Hall of Blades {protect, Str+6 Int+4}
   (You found it on level 2 of the Dungeon)

   Str:       It affects your strength (+6).
   Int:       It affects your intelligence (+4).
 C - a +5 great sword
Armour
 c - a +0 leather armour (worn)
 d - the +1 Delatra's gloves {ID++}
   (You acquired it on level 2 of the Dungeon)

   ID++:      It heals its wearer when they drink unknown potions, and restores
   their MP when they read unknown scrolls.
 k - a +1 cloak of stealth (worn)
 y - a +2 pair of gloves (worn)
 A - a +0 pair of boots (worn)
 B - a +1 hat (worn)
Jewellery
 i - a +4 ring of protection (left hand)
 p - a ring of ice
 q - a +6 ring of dexterity (right hand)
 r - a ring of ice
 t - an amulet of the acrobat (around neck)
 F - an amulet of regeneration
Wands
 u - a wand of flame (13)
 G - a wand of quicksilver (3)
Scrolls
 l - 3 scrolls of immolation
 v - a scroll of magic mapping
 x - 5 scrolls of identify
 H - a scroll of fog
 J - a scroll of blinking
Potions
 e - 4 potions of curing
 f - 4 potions of magic
 g - 3 potions of brilliance
 h - 2 potions of heal wounds
 m - 3 potions of lignification
 n - 2 potions of ambrosia
 z - 2 potions of mutation
 D - 5 potions of cancellation
 E - a potion of invisibility
Miscellaneous
 s - a phial of floods
 I - a lightning rod (4/4)


   Skills:
 + Level 15.5 Fighting
 + Level 2.0 Maces & Flails
 + Level 16.3 Ranged Weapons
 + Level 10.5 Dodging
 - Level 0.7 Stealth
 + Level 7.2 Invocations


You had 11 spell levels left.
You knew the following spells:

 Your Spells              Type           Power      Damage    Failure   Level
a - Kiss of Death         Conj/Necr      0%         2d5       41%         1

Your spell library contained the following spells:

 Spells                   Type           Power      Damage    Failure   Level
 Magic Dart               Conj           0%         1d3       41%         1
 Sandblast                Erth           0%         2d4       41%         1
 Slow                     Hex            0%         N/A       41%         1
 Blink                    Tloc           0%         N/A       54%         2
 Ensorcelled Hibernation  Hex/Ice        0%         N/A       54%         2
 Lesser Beckoning         Tloc           0%         N/A       54%         2
 Momentum Strike          Conj/Tloc      0%         3d8       54%         2
 Passwall                 Tmut/Erth      0%         N/A       54%         2
 Poisonous Vapours        Pois/Air       0%         N/A       54%         2
 Scorch                   Fire           0%         2d5       54%         2
 Searing Ray              Conj           0%         2d4       54%         2
 Confusing Touch          Hex            0%         N/A       80%         3
 Mephitic Cloud           Conj/Pois/Air  0%         N/A       80%         3
 Stone Arrow              Conj/Erth      0%         3d7       80%         3
 Swiftness                Air            0%         N/A       80%         3
 Vampiric Draining        Necr           0%         2d6       80%         3
 Anguish                  Hex/Necr       0%         N/A       99%         4
 Cause Fear               Hex            0%         N/A       99%         4
 Dispel Undead            Necr           0%         3d6       99%         4
 Flame Wave               Conj/Fire      0%         2d4       99%         4
 Fulminant Prism          Conj/Hex       0%         3d5       99%         4
 Freezing Cloud           Conj/Ice/Air   0%         6-21      100%        5
 Summon Cactus Giant      Summ           0%         N/A       100%        6
 Enfeeble                 Hex            0%         N/A       100%        7


Dungeon Overview and Level Annotations

Branches:
Dungeon (9/15)             Temple (0/1) D:5            Lair (3/5) D:9
 Spider (0/4) Lair:3          Orc (0/2) D:9          Bailey (visited)
  Swamp: Lair:2-3    Shoals: Lair:2-3

Altars:
Fedhas
Hepliaklqana
Nemelex Xobeh

Shops:
D:3 =[   D:8 :

Annotations:
Lair:1 fly
Lair:3 Amaemon


Innate Abilities, Weirdness & Mutations

Your life essence is reduced to manifest your ancestor. (-10% HP)
You have a pair of horns on your head.
You reflexively headbutt those who attack you in melee.
You are agile. (Dex +4, Str/Int -1)
Your spells are a little easier to cast, but a little less powerful.


Message History

You turn to flesh and can move again.
You hit Amaemon.
Amaemon is moderately wounded.
You feel extremely sick. The orange demon misses you.
The basilisk closely misses you. You furiously retaliate!
You headbutt the basilisk. Amaemon completely misses you.
You furiously retaliate!
You headbutt Amaemon! Amaemon misses you. Amaemon barely misses you.
The orange demon closely misses you. Amaemon hits you but does no damage.
You are more poisoned.
Amaemon claws you but does no damage. Amaemon completely misses you.
The basilisk gazes at you.
You easily resist.
You completely miss Amaemon.
Amaemon is moderately wounded.
* * * LOW HITPOINT WARNING * * *
You feel extremely sick. The orange demon misses you.
The basilisk bites you but does no damage.
Amaemon hits you with a +0 demon whip of venom!
* * * LOW HITPOINT WARNING * * *
You are more poisoned.
Amaemon completely misses you. Amaemon closely misses you.
The orange demon stings you from afar!
* * * LOW HITPOINT WARNING * * *
You feel much better.
* * * LOW HITPOINT WARNING * * *
You feel extremely sick.
The orange demon no longer looks unusually toxic.
The basilisk closely misses you. Amaemon closely misses you.
You furiously retaliate!
You headbutt Amaemon. Amaemon closely misses you.
Amaemon completely misses you. The orange demon misses you.
As you read the scroll of teleportation, it crumbles to dust.
You feel strangely unstable.
* * * LOW HITPOINT WARNING * * *
You feel very sick. The basilisk bites you!
* * * LOW HITPOINT WARNING * * *
Amaemon hits you with a +0 demon whip of venom.
You die...

...~≈≈≈≈≈....#####..##..#.##.#..#
#..~~≈≈≈≈~....####.###P..........
#..≈~≈≈~~~..##P.#.#...†(.PP.###.
##..~~~~.....#.....[........# #.
#....~≈.....l#.....####.P.#.###.
#.#.....###.##....#######....##.
###..###...4..##.......##.###.
#P.P# ##...6l.#..###..#..# #.
##...# #.##.@#..#.#.#..#.###.
#...## ####..##.##>##.##..###
###.# #..#..#.#.#..#..# #..#
#...#..###..#..#### ##.#
##...#.......#..P#PP ..###..#####
#..#..##...##.......
...........####...##.###..#...#P#
#.#..####...###.P)####.####..####
###†.....##.#....##P.# ##.##


You could see Amaemon, an orange demon and a basilisk.

Vanquished Creatures
  An orc warlord (Bailey)
  3 hydras
  A boulder beetle (Lair:2)
  An orc knight (Bailey)
  2 oklob plants (Lair:1)
  6 elephants
  9 black mambas
  8 cane toads
  A rime drake (Lair:2)
  7 komodo dragons
  A meliai (Lair:3)
  3 polar bears (Lair:2)
  7 blink frogs
  2 wyverns
  2 yaks (Lair:2)
  2 basilisks
  10 water moccasins
  A warg (D:9)
  A sky beast (D:8)
  12 orc warriors
  2 ice beasts
  2 ogres (D:4)
  7 wolves
  A centaur (D:9)
  A phantom (D:4)
  2 wyvern zombies (D:8)
  9 bullfrogs
  3 scorpions
  3 wights (D:8)
  A killer bee (Lair:3)
  2 electric eels (Lair:1)
  2 howler monkeys
  2 hounds
  3 centaur zombies (D:8)
  A gnoll bouda (D:8)
  A jelly (D:7)
  8 orc priests
  3 iguanas
  8 orc wizards
  6 hell rats (Lair:1)
  3 howler monkey zombies (D:8)
  15 gnolls
  8 adders
  4 white imps
  3 ufetubi
  2 worms
  3 dart slugs
  25 orcs
  3 endoplasms
  3 giant cockroaches
  22 goblins
  11 hobgoblins
  4 jackals (D:2)
  5 quokkas
  5 ball pythons
  7 bats
  3 frilled lizards
  4 kobolds
  2 rats
  A spectral goblin (D:4)
280 creatures vanquished.

Vanquished Creatures (collateral kills)
  A two-headed ogre (D:8)
  A boulder beetle (Lair:2)
  4 elephants
  A cane toad (Lair:2)
  3 blink frogs (Lair:3)
  A yak (Lair:2)
  A steam dragon (D:8)
  A basilisk (Lair:2)
  A water moccasin (Lair:2)
  4 orc warriors
  A wight (D:8)
  A killer bee (Lair:3)
  An orc priest (D:9)
  An orc wizard (D:9)
  A killer bee zombie (D:8)
  9 orcs
  4 goblins (Bailey)
  2 hobgoblins (Bailey)
38 creatures vanquished.

Vanquished Creatures (others)
  7 knights
  7 fungi
  9 plants
  A withered plant (D:8)
24 creatures vanquished.

Grand Total: 342 creatures vanquished

Notes
Turn   | Place    | Note
-------+----------+-------------------------------------------
     0 | D:1      | raph the Minotaur Hunter began the quest for the Orb.
     0 | D:1      | Reached XP level 1. HP: 18/18 MP: 0/0
   159 | D:1      | Reached XP level 2. HP: 20/25 MP: 1/1
   184 | D:1      | Found a faded altar of an unknown god.
   603 | D:1      | Reached skill level 5 in Ranged Weapons
   866 | D:2      | Reached XP level 3. HP: 21/30 MP: 2/2
   909 | D:2      | Identified the +3 dagger of the Hall of Blades {protect,
                  | Str+6 Int+4}
  1265 | D:2      | Identified 2 scrolls of acquirement
  1265 | D:2      | Acquired the +1 Delatra's gloves {ID++}
  1265 | D:2      | Found the +1 Delatra's gloves {ID++}
  1357 | D:2      | Acquired 362 gold pieces
  1409 | D:2      | Reached skill level 6 in Ranged Weapons
  1608 | D:3      | Reached XP level 4. HP: 37/37 MP: 3/3
  1898 | D:3      | Reached XP level 5. HP: 42/42 MP: 4/4
  1898 | D:3      | Found Aqeuqeqo's Armour Shop.
  1908 | D:3      | Bought a +1 cloak of stealth for 165 gold pieces
  2067 | D:3      | Found Mine Luwn's Jewellery Emporium.
  2428 | D:4      | Reached skill level 7 in Ranged Weapons
  2551 | D:4      | Noticed a phantom
  2571 | D:4      | Killed a phantom
  2583 | D:4      | Reached skill level 8 in Ranged Weapons
  2583 | D:4      | Reached XP level 6. HP: 46/50 MP: 5/5
  2856 | D:3      | Bought an amulet of the acrobat for 390 gold pieces
  2950 | D:4      | Found a hazy altar of Hepliaklqana.
  3141 | D:4      | Became a worshipper of Hepliaklqana the Forgotten
  3311 | D:4      | Reached skill level 9 in Ranged Weapons
  3311 | D:4      | Reached XP level 7. HP: 57/57 MP: 6/6
  3359 | D:5      | Entered Level 5 of the Dungeon
  3546 | D:5      | Reached * piety under Hepliaklqana
  3618 | D:5      | Found a staircase to the Ecumenical Temple.
  3979 | D:6      | Reached skill level 5 in Fighting
  4497 | D:7      | Reached skill level 10 in Ranged Weapons
  4497 | D:7      | Reached XP level 8. HP: 63/63 MP: 7/7
  4527 | D:7      | Reached ** piety under Hepliaklqana
  4531 | D:7      | Remembered your ancestor Baqqanum as a knight
  4546 | D:7      | Found a flagged portal.
  4552 | Bailey   | Entered a bailey
  5136 | Bailey   | Reached skill level 11 in Ranged Weapons
  5550 | Bailey   | Reached XP level 9. HP: 44/73 MP: 8/8
  5595 | Bailey   | Noticed an orc knight
  5607 | Bailey   | Noticed an orc warlord
  5762 | Bailey   | Killed an orc knight
  5840 | Bailey   | Gained mutation: You are agile. (Dex +4, Str/Int -1)
                  | [potion of mutation]
  5840 | Bailey   | Gained mutation: Your spells are a little easier to cast,
                  | but a little less powerful. [potion of mutation]
  5843 | Bailey   | Killed an orc warlord
  5844 | Bailey   | Reached skill level 10 in Fighting
  5844 | Bailey   | Reached skill level 12 in Ranged Weapons
  6053 | Bailey   | Reached skill level 14 in Ranged Weapons
  6053 | Bailey   | Reached XP level 10. HP: 89/89 MP: 9/9
  7009 | D:8      | Learned a level 1 spell: Kiss of Death
  7500 | D:8      | Found Qagaagyagg's Book Shoppe.
  7762 | D:8      | Reached XP level 11. HP: 95/95 MP: 10/10
  7790 | D:8      | Noticed a two-headed ogre
  7793 | D:8      | Killed a two-headed ogre
  8264 | D:3      | Bought a +6 ring of dexterity for 468 gold pieces
  8465 | D:9      | Reached *** piety under Hepliaklqana
  8559 | D:9      | Reached skill level 1 in Invocations
  8609 | D:9      | Found a staircase to the Orcish Mines.
  8777 | D:9      | Identified the +10 great mace of Ywuladd {drain, Int+4}
  8874 | D:9      | Found a staircase to the Lair.
  9111 | D:9      | Found a sparkling altar of Nemelex Xobeh.
  9249 | Lair:1   | Entered Level 1 of the Lair of Beasts
  9428 | Lair:1   | Reached **** piety under Hepliaklqana
  9937 | Lair:1   | Reached skill level 15 in Ranged Weapons
 10248 | Lair:1   | Found a blossoming altar of Fedhas.
 10251 | Lair:1   | Noticed an oklob plant
 10253 | Lair:1   | Killed an oklob plant
 10254 | Lair:1   | Noticed an oklob plant
 10260 | Lair:1   | Killed an oklob plant
 10788 | Lair:2   | Reached XP level 12. HP: 75/105 MP: 14/14
 11023 | Lair:2   | Noticed an eight-headed hydra
 11224 | Lair:2   | Noticed a five-headed hydra
 11232 | Lair:2   | Killed a five-headed hydra
 11254 | Lair:2   | Reached skill level 5 in Invocations
 11769 | Lair:2   | Noticed a boulder beetle
 11800 | Lair:2   | Killed a boulder beetle
 11801 | Lair:2   | Reached skill level 15 in Fighting
 11908 | Lair:2   | Noticed a boulder beetle
 11916 | Lair:2   | Killed a boulder beetle
 11917 | Lair:2   | Reached skill level 16 in Ranged Weapons
 11917 | Lair:2   | Reached skill level 10 in Dodging
 12205 | Lair:2   | Identified the staff of death "Jusog" {rPois rN+ Will-
                  | rCorr Int+7}
 12548 | Lair:2   | Killed an eight-headed hydra
 12606 | Lair:3   | Reached ***** piety under Hepliaklqana
 12609 | Lair:3   | Noticed a five-headed hydra
 12614 | Lair:3   | Killed a five-headed hydra
 12615 | Lair:3   | Reached XP level 13. HP: 79/114 MP: 17/17
 12729 | Lair:3   | Found a hole to the Spider Nest.
 12851 | Lair:3   | Reached skill level 1 in Maces & Flails
 12897 | Lair:3   | Noticed Amaemon
 12944 | Lair:3   | HP: 1/114 [basilisk (9)]
 12944 | Lair:3   | Slain by Amaemon

Illustrated notes

Levels and vault maps discovered:
D:1:      amcnicky_arrival_gap_in_the_tavern_cellar, layout_basic,
          shapermc_ecumenical_altar_pompeii, chequers_garden
D:2:      layout_rooms
D:3:      layout_rooms, serial_shops, shop, shop, serial_curves, eino_curves_03,
          eino_curves_01, eino_curves_04, eino_curves_04
D:4:      layout_basic, nicolae_hepliaklqana_monster_ancestors,
          minmay_misc_feat_tiny
D:5:      layout_rooms, minmay_temple_entry_hall
D:6:      layout_loops_ring
D:7:      layout_layer_cave, enter_bailey_2, columned_hall_lemuel,
          nicolae_underground_beach
D:8:      layout_cave_pods, serial_undead, serial_undead_d, serial_undead_f,
          serial_undead_a, serial_undead_b, nicolae_stop_n_shop_1
D:9:      layout_irregular_city, lemuel_crystal_altar,
          erik_lair_orcish_takeover, david_orc_4
Lair:1:   statuecave_lemuel, layout_layer_cave, st_stairs_5,
          hangedman_tree_tricks
Lair:2:   nzn_winding_woodlands_huge [nzn_winding_woodlands_5x15_crooked,
          nzn_winding_woodlands_5x15_pockets,
          nzn_winding_woodlands_5x15_sawtooth,
          nzn_winding_woodlands_5x15_pathside_ponds,
          nzn_winding_woodlands_5x15_default,
          nzn_winding_woodlands_5x15_split_checker,
          nzn_winding_woodlands_5x15_pool, nzn_winding_woodlands_5x15_twine,
          nzn_winding_woodlands_5x15_zeroes,
          nzn_winding_woodlands_5x15_concentric,
          nzn_winding_woodlands_center_pierced_h,
          nzn_winding_woodlands_center_diamonds,
          nzn_winding_woodlands_15x15_boxy_spiral], layout_regular_city,
          serial_bayou_shore_b
Lair:3:   layout_loops_ring, shoals_dummy_entry,
          hellmonk_spider_entry_not_the_bees, cheibrodos_lair_caveside_slide,
          infiniplex_staircase_pool, uniq_amaemon

Skill      XL: |  1  2  3  4  5  6  7  8  9 10 11 12 13 |
---------------+----------------------------------------+-----
Ranged Weapons | 5 6 8 9 10 11 14 15 16 | 16.3
Fighting       | 3 5 8 12 14 15 | 15.5
Dodging        | 6 8 10 | 10.5
Invocations    | 4 6 7 |  7.2
Maces & Flails | 2 |  2.0
Stealth        | |  0.7

Action                     |  1- 3 |  4- 6 |  7- 9 | 10-12 | 13-15 || total
---------------------------+-------+-------+-------+-------+-------++-------
  Melee: Dagger            |     9 |    36 |    10 |    19 |       ||    74
         Headbutt          |     1 |     5 |     1 |     9 |     3 ||    19
         Punch             |       |       |       |     1 |       ||     1
         Great mace        |       |       |       |    24 |    21 ||    45
   Fire: Shortbow          |   100 |    65 |       |       |       ||   165
         Arbalest          |       |    21 |   162 |   321 |    19 ||   523
 Invoke: Ancestor Life: Kn |       |       |     1 |       |       ||     1
    Use: Scroll            |     8 |     5 |     8 |    13 |     1 ||    35
         Potion            |       |     1 |     8 |       |     1 ||    10
 Armour: Leather armour    |    19 |    32 |    20 |    29 |    50 ||   150
  Dodge: Dodged            |    45 |    32 |    37 |   128 |    87 ||   329
